 Dungeon Crawl Stone Soup version 0.30-a0-166-g5d06c95188 (webtiles) character file.

Game seed: 4869525510433207024

3175 qw the Cleaver (level 9, -6/55 HPs)
             Began as a Gargoyle Fighter on Sept 29, 2022.
             Mangled by a two-headed ogre
             ... wielding a +0 dire flail
              (15 damage)
             ... on level 7 of the Dungeon.
             The game lasted 00:02:16 (6365 turns).

qw the Cleaver (Gargoyle Fighter)                   Turns: 6365, Time: 00:02:16

Health: -6/55      AC: 29    Str: 25    XL:     9   Next: 95%
Magic:  9/9        EV:  6    Int:  8    God:
Gold:   388        SH: 11    Dex: 15    Spells: 8/8 levels left

rFire   + . .      SeeInvis .    Y - +2 war axe (flame)
rCold   + . .      Faith    .    b - +0 kite shield
rNeg    + . .      Spirit   .    k - +6 plate armour {ponderous}
rPois   inf        Reflect  .    p - +2 helmet
rElec   +          Harm     .    f - scarf {rC+ rF+}
rCorr   .          Rampage  .    (no gloves)
Will    +....                    i - +0 pair of boots
Stlth   ..........               (no amulet)
HPRegen 0.18/turn                e - ring of willpower
MPRegen 0.11/turn                r - +6 ring of dexterity

@: about to teleport, slow
A: sickness immunity, AC +6, negative energy resistance 1, electricity
resistance, torment resistance 1, petrification resistance
a: no special abilities


You were on level 7 of the Dungeon.
You visited 2 branches of the dungeon, and saw 8 of its levels.

You collected 388 gold pieces.


Innate Abilities, Weirdness & Mutations

You are immune to sickness and miasma.
Your stone body is resilient. (AC +6)
You are immune to poison.
You resist negative energy. (rN+)
You are resistant to electric shocks. (rElec)
You are resistant to unholy torment.
You are immune to petrification.


   Skills:
 - Level 6.0 Fighting
 - Level 9.2 Axes
 + Level 5.1 Armour
 - Level 2.2 Dodging
 - Level 8.1 Shields


You had 8 spell levels left.
You didn't know any spells.
Your spell library was empty.

Inventory:

Hand Weapons
 Y - a +2 war axe of flaming (weapon)
Armour
 b - a +0 kite shield (worn)
 f - a scarf of resistance (worn)
 g - a +0 cloak
 i - a +0 pair of boots (worn)
 k - a +6 plate armour of ponderousness (worn)
 p - a +2 helmet (worn)
Jewellery
 c - a ring of see invisible
 e - a ring of willpower (left hand)
 j - a ring of positive energy
 r - a +6 ring of dexterity (right hand)
Scrolls
 a - a scroll of identify
 o - 2 scrolls of teleportation
Potions
 d - 2 potions of might
 h - 4 potions of attraction
 l - a potion of mutation
 m - a potion of ambrosia {unknown}
 n - 2 potions of lignification
 q - 3 potions of curing

Dungeon Overview and Level Annotations

Branches:
Dungeon (7/15)             Temple (1/1) D:5

Altars:
Ashenzari
Cheibriados
Dithmenos
Elyvilon
Fedhas
Gozag
Hepliaklqana
Makhleb
Nemelex Xobeh
Qazlal
Sif Muna
Trog
Uskayaw
Vehumet
Wu Jian
Yredelemnul
Zin


Message History

The spriggan is heavily wounded.
The spriggan hits you with a +0 dagger!
You hit the spriggan. You burn the spriggan.
The spriggan is severely wounded.
You block the spriggan's attack.
The spriggan hits you but does no damage.
You slash the spriggan! You burn the spriggan.
You kill the spriggan!
Your Shields skill increases to level 8!
You barely miss the two-headed ogre.
The two-headed ogre hits you but does no damage.
The two-headed ogre completely misses you.
You slash the two-headed ogre! You burn the two-headed ogre!
The two-headed ogre is heavily wounded.
The two-headed ogre hits you with a +0 giant club! x2
You slash the two-headed ogre! You burn the two-headed ogre.
The two-headed ogre is almost dead.
The two-headed ogre barely misses you.
The two-headed ogre hits you but does no damage.
You barely miss the two-headed ogre.
The two-headed ogre is almost dead.
You hit the two-headed ogre but do no damage.
The two-headed ogre is almost dead.
The two-headed ogre hits you but does no damage.
You block the two-headed ogre's attack.
You barely miss the two-headed ogre.
The two-headed ogre is almost dead.
You block the two-headed ogre's attack. The two-headed ogre barely misses you.
You slash the two-headed ogre! You burn the two-headed ogre.
You kill the two-headed ogre!
The two-headed ogre hits you with a +0 dire flail!
The two-headed ogre hits you but does no damage.
Your Axes skill increases to level 9!
6364 ||| READING 3 scrolls of teleportation.
As you read the scroll of teleportation, it crumbles to dust.
You feel strangely unstable.
You slice the two-headed ogre!! You burn the two-headed ogre.
The two-headed ogre is heavily wounded.
The two-headed ogre hits you with a +0 dire flail!
You die...

# #..
#.#..######
.[....O@..#
#.#..####.#
#.. #..# #
##.## ####
### ####..#
...## ....
#...(##
....#..#
##.###
......#
##.#
.....##
####..#


You could see a two-headed ogre.

Vanquished Creatures
  A two-headed ogre (D:7)
  A spriggan (D:7)
  3 vampire mosquitoes (D:6)
  3 ogres
  A centaur (D:6)
  A phantom (D:5)
  4 scorpions
  3 bullfrogs (D:6)
  2 necrophages
  5 wights
  3 hounds
  2 orc priests
  3 jellies
  5 iguanas
  9 orc wizards
  Robin (D:4)
  4 gnolls
  8 adders
  A shadow imp (D:6)
  A white imp (D:6)
  A worm (D:3)
  3 dart slugs
  26 orcs
  10 ball pythons
  2 endoplasms
  3 giant cockroaches
  13 goblins
  9 hobgoblins
  6 kobolds
  2 quokkas
  7 bats (D:1)
  A frilled lizard (D:1)
  3 rats
147 creatures vanquished.

Notes
Turn   | Place    | Note
-------+----------+-------------------------------------------
     0 | D:1      | qw the Gargoyle Fighter began the quest for the Orb.
     0 | D:1      | Reached XP level 1. HP: 14/14 MP: 1/1
     0 | D:1      | 0 ||| qw: Version: 0.2-a-12-gaebbb33
     0 | D:1      | 0 ||| qw: Game counter: 1028
     0 | D:1      | 0 ||| qw: Always use a shield: true
     0 | D:1      | 0 ||| qw: God list: Okawaru
     0 | D:1      | 0 ||| qw: Allow faded altars: false
     0 | D:1      | 0 ||| qw: Do Orc after D:15 true
     0 | D:1      | 0 ||| qw: Do second Lair branch before Depths: true
     0 | D:1      | 0 ||| qw: Lair rune preference: random
     0 | D:1      | 0 ||| qw: Plans: Normal, Zot:1-4, God:TSO, Crypt, Tomb,
                  | Pan, Slime:5, Hells, Abyss, Orb
     0 | D:1      | 0 ||| PLANNING D:1-11
    43 | D:1      | 43 ||| Stepping ~*~*~tactically~*~*~ (stealth).
    49 | D:1      | Reached skill level 2 in Axes
    49 | D:1      | 49 ||| Stepping ~*~*~tactically~*~*~ (stealth).
    50 | D:1      | 50 ||| Stepping ~*~*~tactically~*~*~ (stealth).
    51 | D:1      | 51 ||| Stepping ~*~*~tactically~*~*~ (stealth).
    55 | D:1      | 55 ||| Stepping ~*~*~tactically~*~*~ (stealth).
   104 | D:1      | Reached XP level 2. HP: 19/19 MP: 2/2
   586 | D:1      | 586 ||| Stepping ~*~*~tactically~*~*~ (stealth).
   799 | D:1      | Reached skill level 3 in Axes
   886 | D:1      | Reached XP level 3. HP: 23/23 MP: 3/3
   987 | D:1      | 987 ||| UPGRADING to scarf of resistance.
   992 | D:1      | 992 ||| UPGRADING to +0 pair of boots.
   997 | D:1      | 997 ||| READING 2 scrolls labelled ATUSEL POFYM.
   998 | D:1      | 998 ||| READING scroll labelled GYTRAJ BEU.
  1023 | D:2      | 1023 ||| STAIRDANCE
  1085 | D:2      | 1085 ||| STAIRDANCE
  1142 | D:2      | 1142 ||| Stepping ~*~*~tactically~*~*~ (hiding).
  1272 | D:2      | Reached XP level 4. HP: 28/28 MP: 4/4
  1281 | D:2      | 1281 ||| FLEEEEING.
  1282 | D:2      | 1282 ||| FLEEEEING.
  1283 | D:2      | 1283 ||| STAIRDANCE
  1326 | D:1      | 1326 ||| READING 2 scrolls of identify.
  1326 | D:1      | 1326 ||| IDENTIFYING murky silvery potion
  1329 | D:2      | 1329 ||| STAIRDANCE
  1338 | D:1      | Reached skill level 4 in Axes
  1474 | D:2      | 1474 ||| Stepping ~*~*~tactically~*~*~ (stealth).
  1483 | D:2      | 1483 ||| DROPPING +0 whip.
  1526 | D:2      | HP: 7/28 [gnoll/+0 flail (4)]
  1526 | D:2      | HP: 3/28 [gnoll/+0 flail (4)]
  1529 | D:2      | HP: 1/28 [gnoll/+0 flail (3)]
  1992 | D:2      | Found a faded altar of an unknown god.
  2034 | D:2      | 2034 ||| UPGRADING to +0 chain mail.
  2044 | D:2      | 2044 ||| DROPPING +0 scale mail.
  2045 | D:2      | 2045 ||| UPGRADING to +6 plate armour of ponderousness.
  2055 | D:2      | 2055 ||| DROPPING +0 chain mail.
  2056 | D:2      | 2056 ||| READING scroll labelled DUR FEIKLIWIGY.
  2752 | D:3      | 2752 ||| UPGRADING to +1 helmet.
  2757 | D:3      | 2757 ||| UPGRADING to ring of positive energy.
  2758 | D:3      | 2758 ||| UPGRADING to +6 ring of dexterity.
  2759 | D:3      | 2759 ||| READING scroll labelled LUUT KYTIATA.
  2760 | D:3      | 2760 ||| READING scroll labelled VETWID XENESIU.
  2761 | D:3      | 2761 ||| READING 3 scrolls labelled XUMYTUTEUNO.
  2765 | D:3      | 2765 ||| READING 3 scrolls of identify.
  2765 | D:3      | 2765 ||| IDENTIFYING pink potion
  2766 | D:3      | 2766 ||| READING 2 scrolls of identify.
  2766 | D:3      | 2766 ||| IDENTIFYING smoky inky potion
  2767 | D:3      | 2767 ||| DROPPING potion of degeneration.
  2792 | D:4      | Noticed an ogre
  2799 | D:4      | Killed an ogre
  2800 | D:4      | Reached XP level 5. HP: 32/32 MP: 5/5
  2842 | D:4      | Noticed Robin
  2853 | D:4      | Killed Robin
  2881 | D:4      | 2881 ||| READING scroll of enchant armour.
  2881 | D:4      | 2881 ||| ENCHANTING +1 helmet.
  3015 | D:4      | Reached XP level 6. HP: 37/37 MP: 6/6
  3048 | D:4      | 3048 ||| Stepping ~*~*~tactically~*~*~ (stealth).
  3059 | D:4      | Reached skill level 5 in Axes
  3498 | D:4      | 3498 ||| READING scroll labelled KEWORPH WEELOR.
  3499 | D:4      | 3499 ||| READING scroll labelled VIEGYBU XUUNU.
  3500 | D:4      | 3500 ||| DROPPING +0 flail.
  3501 | D:4      | 3501 ||| READING 2 scrolls of identify.
  3501 | D:4      | 3501 ||| IDENTIFYING dark potion
  3522 | D:5      | Entered Level 5 of the Dungeon
  3526 | D:5      | 3526 ||| STAIRDANCE
  3531 | D:5      | 3531 ||| STAIRDANCE
  3545 | D:5      | 3545 ||| STAIRDANCE
  3552 | D:5      | 3552 ||| STAIRDANCE
  3610 | D:5      | 3610 ||| Stepping ~*~*~tactically~*~*~ (stealth).
  3611 | D:5      | 3611 ||| Stepping ~*~*~tactically~*~*~ (stealth).
  3615 | D:5      | 3615 ||| Stepping ~*~*~tactically~*~*~ (stealth).
  3616 | D:5      | 3616 ||| Stepping ~*~*~tactically~*~*~ (hiding).
  3625 | D:5      | Reached XP level 7. HP: 43/43 MP: 7/7
  3631 | D:5      | Reached skill level 6 in Axes
  3971 | D:5      | 3971 ||| Stepping ~*~*~tactically~*~*~ (hiding).
  3972 | D:5      | 3972 ||| Stepping ~*~*~tactically~*~*~ (hiding).
  4020 | D:5      | Found a staircase to the Ecumenical Temple.
  4021 | D:5      | 4021 ||| PLANNING TEMPLE
  4021 | D:5      | 4021 ||| UPGRADING to ring of willpower.
  4023 | D:5      | 4023 ||| READING 2 scrolls labelled GIDGHE XONID.
  4024 | D:5      | 4024 ||| READING scroll labelled GYSYAL WIABOFF.
  4025 | D:5      | 4025 ||| READING 3 scrolls labelled MAEH WEODDAPP.
  4026 | D:5      | 4026 ||| DRINKING 2 grey potions.
  4027 | D:5      | 4027 ||| DRINKING 2 bubbling sapphire potions.
  4028 | D:5      | 4028 ||| DROPPING scroll of poison.
  4029 | D:5      | 4029 ||| DROPPING 2 scrolls of fog.
  4038 | Temple   | Entered the Ecumenical Temple
  4242 | Temple   | 4242 ||| PLANNING D:1-11
  4432 | D:6      | Reached skill level 7 in Axes
  4432 | D:6      | Reached XP level 8. HP: 41/48 MP: 8/8
  4641 | D:6      | Found a sparkling altar of Nemelex Xobeh.
  4641 | D:6      | Found a hazy altar of Hepliaklqana.
  4802 | D:6      | 4802 ||| Stepping ~*~*~tactically~*~*~ (stealth).
  4803 | D:6      | 4803 ||| Stepping ~*~*~tactically~*~*~ (stealth).
  5023 | D:6      | Reached skill level 8 in Axes
  5024 | D:6      | 5024 ||| Stepping ~*~*~tactically~*~*~ (stealth).
  5028 | D:6      | 5028 ||| Stepping ~*~*~tactically~*~*~ (stealth).
  5030 | D:6      | 5030 ||| Stepping ~*~*~tactically~*~*~ (hiding).
  5216 | D:6      | Found a radiant altar of Vehumet.
  5590 | D:6      | 5590 ||| UPGRADING to +0 kite shield.
  5600 | D:6      | 5600 ||| DROPPING +0 buckler.
  5601 | D:6      | 5601 ||| READING scroll labelled OCIXKOCV JEREH.
  5602 | D:6      | 5602 ||| READING 2 scrolls of identify.
  5602 | D:6      | 5602 ||| IDENTIFYING sedimented green potion
  5603 | D:6      | 5603 ||| DROPPING potion of brilliance.
  5633 | D:7      | 5633 ||| STAIRDANCE
  5638 | D:7      | 5638 ||| STAIRDANCE
  5645 | D:6      | Reached XP level 9. HP: 25/54 MP: 9/9
  5648 | D:6      | HP: 10/54 [wight/+2 falchion (7)]
  5649 | D:6      | 5649 ||| READING 3 scrolls of teleportation.
  5650 | D:6      | 5650 ||| DRINKING potion of heal wounds.
  5793 | D:6      | Reached skill level 6 in Shields
  5834 | D:7      | 5834 ||| STAIRDANCE
  5875 | D:7      | 5875 ||| READING scroll of enchant weapon.
  5875 | D:7      | 5875 ||| ENCHANTING +1 war axe of flaming.
  5894 | D:7      | 5894 ||| Stepping ~*~*~tactically~*~*~ (stealth).
  6073 | D:7      | 6073 ||| Stepping ~*~*~tactically~*~*~ (hiding).
  6128 | D:7      | Reached skill level 6 in Fighting
  6342 | D:7      | Noticed a two-headed ogre
  6342 | D:7      | Noticed a two-headed ogre
  6363 | D:7      | Killed a two-headed ogre
  6363 | D:7      | HP: 8/55 [two-headed ogre/+0 dire flail (14)]
  6364 | D:7      | Reached skill level 9 in Axes
  6364 | D:7      | 6364 ||| READING 3 scrolls of teleportation.
  6365 | D:7      | Mangled by a two-headed ogre

Levels and vault maps discovered:
D:1:      mushboom_english_gardens, layout_loops_cross, grunt_decor_junction
D:2:      layout_rooms, ebering_ecumenical_altar_sacrificial
D:3:      layout_basic
D:4:      layout_gridville, minmay_pentangle, uniq_robin
D:5:      layout_cave_pools, minmay_temple_entry_mist
D:6:      layout_layer_cave, fiery_altar_vehumet,
          chequers_temple_overflow_statue_of_worship,
          chequers_serial_rivers_micro_c
D:7:      layout_rooms, hellmonk_guarded_unrand_gyre_and_gimble
Temple:   eino_temple_water

Skill      XL: |  1  2  3  4  5  6  7  8  9 |
---------------+----------------------------+-----
Axes           | 2 3 4 5 7 8 9 |  9.2
Dodging        | 2 |  2.2
Fighting       | 4 5 6 |  6.0
Armour         | 4 5 |  5.1
Shields        | 5 8 |  8.1

Action                   |  1- 3 |  4- 6 |  7- 9 || total
-------------------------+-------+-------+-------++-------
Melee: War axe           |    97 |   136 |   205 ||   438
  Use: Scroll            |     2 |    11 |     8 ||    21
       Potion            |       |       |     3 ||     3
Armor: Scale mail        |    60 |    13 |       ||    73
       Plate armour      |       |    71 |   151 ||   222
Dodge: Dodged            |    60 |    40 |    58 ||   158
Block: Buckler           |    17 |    34 |    26 ||    77
       Kite shield       |       |       |    63 ||    63

Table legend:
 A = Non-vault XP
 B = Vault XP
 C = Vault XP percentage of total XP
 D = Non-vault monster count
 E = Vault monster count
 F = Vault count percentage of total count
                 A         B        C        D         E       F
            +---------+---------+-------+---------+---------+-------
      Total |    3439 |    1098 |  24.2 |     128 |      19 |  12.9
            +---------+---------+-------+---------+---------+-------
        D:1 |      70 |       0 |   0.0 |      27 |       0 |   0.0
        D:2 |      70 |       0 |   0.0 |      13 |       0 |   0.0
        D:3 |      11 |       0 |   0.0 |       5 |       0 |   0.0
        D:4 |     285 |      48 |  14.4 |      20 |      17 |  45.9
        D:5 |     595 |       0 |   0.0 |      15 |       0 |   0.0
        D:6 |    1732 |       0 |   0.0 |      31 |       0 |   0.0
        D:7 |     676 |    1050 |  60.8 |      17 |       2 |  10.5
            +---------+---------+-------+---------+---------+-------
